 Dungeon Crawl Stone Soup version 0.29.1-2-gbd0b4ee654 (webtiles) character file.

Game seed: 12837643561615168123

14 MacCMillion the Shooter (level 2, -16/25 HPs)
             Began as a Hill Orc Hunter on Nov 20, 2022.
             Demolished by a kobold
             ... wielding a +1 short sword of electrocution
              (17 damage)
             ... on level 1 of the Dungeon.
             The game lasted 00:01:04 (59 turns).

MacCMillion the Shooter (Hill Orc Hunter)             Turns: 59, Time: 00:01:05

Health: -16/25     AC:  3    Str: 13    XL:     2   Next: 41%
Magic:  2/2        EV: 11    Int:  9    God:
Gold:   0          SH:  0    Dex: 14    Spells: 1/1 levels left

rFire   . . .      SeeInvis .   a - +0 shortbow
rCold   . . .      Faith    .   (shield currently unavailable)
rNeg    . . .      Spirit   .   c - +0 leather armour
rPois   .          Reflect  .   (no helmet)
rElec   .          Harm     .   (no cloak)
rCorr   .          Rampage  .   (no gloves)
Will    .....                   (no boots)
Stlth   ++........              (no amulet)
HPRegen 0.08/turn               (no ring)
MPRegen 0.08/turn               (no ring)

@: no status effects
A: no striking features
a: no special abilities


You were on level 1 of the Dungeon.
You visited 1 branch of the dungeon, and saw 1 of its levels.

Inventory:

Hand Weapons
 a - a +0 shortbow (weapon)
Armour
 c - a +0 leather armour (worn)
Scrolls
 b - a scroll of immolation
 d - a scroll of teleportation {unknown}


   Skills:
 - Level 2.4 Fighting
 + Level 3.9 Ranged Weapons
 - Level 1.5 Dodging
 + Level 1.5 Stealth


You had one spell level left.
You didn't know any spells.
Your spell library was empty.

Dungeon Overview and Level Annotations

Branches:
Dungeon (1/15)

Altars:


Message History

Found 17 gold pieces.
You shoot an arrow. The arrow hits the ball python.
You kill the ball python!
You hear an angry hiss.
You hear a shout!
A ball python comes into view.
You shoot an arrow.
The arrow closely misses the ball python.
A kobold comes into view.
It is wielding a +1 short sword of electrocution.
You shoot an arrow.
The arrow closely misses the ball python.
You shoot an arrow.
The arrow barely misses the ball python.
The arrow closely misses the kobold.
The ball python closely misses you. The ball python barely misses you.
You shoot an arrow. The arrow hits the ball python.
You kill the ball python!
The kobold hits you with a +1 short sword of electrocution.
You are electrocuted!
You are too injured to fight recklessly!
Unknown command.
Press: ? - help, v - describe, . - travel, g - get item
Here: a kobold, wielding a +1 short sword of electrocution Item here: a ball python corpse.
The floor.
You are too injured to fight recklessly!
Unknown command.
Fire: a) +0 shortbow
Press: ? - help, Q - select action Shift-Dir - straight line, f - kobold
Aim: a kobold, wielding a +1 short sword of electrocution (53% to hit)
You shoot an arrow. The arrow closely misses the kobold.
The kobold hits you with a +1 short sword of electrocution.
You are electrocuted!
* * * LOW HITPOINT WARNING * * *
Fire: a) +0 shortbow
Press: ? - help, Q - select action Shift-Dir - straight line, f/p - kobold
Aim: a kobold, wielding a +1 short sword of electrocution (53% to hit)
You shoot an arrow. The arrow barely misses the kobold.
The kobold hits you but does no damage.
You are electrocuted!
Ouch! That really hurt!
You die...

##.# #### #..#######
...###..#.#..#.
####...(..#.#.#..
#...†.......##...
##.......#.... $
####..#...#.#....
....####....##...#.#....
......K@.#####.....#...#
.....##### #####.#....
... #.#..## . #......
#.#..## #.#.... #.#...#
..#.... ..#....


You could see a kobold.

Vanquished Creatures
  A gnoll (D:1)
  An endoplasm (D:1)
  3 ball pythons (D:1)
5 creatures vanquished.

Notes
Turn   | Place    | Note
-------+----------+-------------------------------------------
     0 | D:1      | MacCMillion the Hill Orc Hunter began the quest for the
                  | Orb.
     0 | D:1      | Reached XP level 1. HP: 18/18 MP: 1/1
    21 | D:1      | Reached skill level 1 in Stealth
    21 | D:1      | Reached XP level 2. HP: 25/25 MP: 2/2
    58 | D:1      | HP: 1/25 [kobold/+1 short sword of electrocution (10)]
    59 | D:1      | Demolished by a kobold

Illustrated notes

Levels and vault maps discovered:
D:1:      matt_arrival_grand_opening, layout_rooms, corexii_leaking_fountain,
          chequers_serial_rivers_micro_a, minivault_25, minmay_cupped

Skill      XL: |  1 |
---------------+----+-----
Stealth        | 1 |  1.5
Fighting       | |  2.4
Ranged Weapons | |  3.9
Dodging        | |  1.5

Action                   || total
-------------------------++-------
 Fire: Shortbow          ||    14
Armor: Leather armour    ||     1
Dodge: Dodged            ||     2
